Map: Base du roi Sejong EC

Players

SirErik

  • Race: Terran Terran
  • League: Gold
  • Spawn Location: 11:00

zidar - Winner!

  • Race: Zerg Zerg
  • League: Platinum
  • Spawn Location: 5:00

VOD

Have the link to the VOD?

Description

Time

  • Played on: Nov. 7, 2016, 9:19 a.m.
  • Length: 16:33
Show
View Real Time Build Order
Export as new Build Order

SirErik Terran 

Build Orders: Reaper Expand 

Get SALT Encoding   

  12  0:01  SCV  
  13  0:13  SCV  
  14  0:17  Supply Depot  
  14  0:25  SCV  
  15  0:39  SCV  
  15  0:40  Barracks  
  16  0:45  Refinery  
  16  0:55  SCV  
  17  1:07  SCV  
  18  1:19  SCV  
  19  1:28  Reaper  
  19  1:31  Orbital Command  
  20  1:43  Command Center  
  20  1:59  Supply Depot  
  20  2:02  SCV  
  20  2:06  Barracks Reactor  
  21  2:09  Barracks  
  21  2:15  SCV  
  22  2:29  SCV  
  23  2:31  Factory  
  23  2:37  Refinery  
  23  2:42  Marine x2  
  24  2:46  SCV  
  25  2:55  Orbital Command  
  25  2:59  Barracks Tech Lab, SCV  
  26  3:08  Marine x2  
  26  3:12  SCV  
  29  3:20  Supply Depot  
  29  3:21  Factory Reactor, Stimpack  
  29  3:24  SCV x2  
  31  3:33  Starport  
  31  3:36  Marine x3  
  31  3:41  SCV x2  
  36  3:53  SCV x2  
  36  3:54  Marine x3  
  41  4:05  SCV x2  
  41  4:07  Factory Reactor  
  43  4:11  Refinery  
  43  4:12  Marine x3  
  46  4:19  Medivac  
  46  4:20  Medivac  
  46  4:22  SCV  
  46  4:23  SCV  
  52  4:31  Command Center  
  52  4:34  SCV  
  52  4:35  SCV  
  54  4:47  Supply Depot  
  54  4:50  Supply Depot  
  54  5:08  Marine  
  54  5:09  Marine, SCV x2  
  54  5:11  Marine, Medivac x2  
  67  5:15  Engineering Bay  
  67  5:16  Widow Mine x2  
  67  5:18  Engineering Bay  
  67  5:26  Marine x2, SCV  
  67  5:27  Barracks  
  70  5:42  Marine  
  70  5:43  SCV x2, Medivac  
  70  5:44  Marine x2  
  81  5:50  Widow Mine x2  
  81  6:00  Marine  
  81  6:02  Marine  
  83  6:05  Marine  
  83  6:06  Orbital Command  
  84  6:12  Supply Depot  
  84  6:18  Marine  
  85  6:29  Supply Depot x2  
  85  6:30  Barracks Reactor, Supply Depot  
  85  6:33  Marine x2, Supply Depot, Medivac  
  85  6:35  Barracks  
  93  6:41  Widow Mine x2  
  93  6:50  Marine, SCV x2, Medivac  
  93  6:51  Marine x2, Orbital Command  
  96  7:03  SCV x2  
  96  7:05  Medivac  
  96  7:08  Marine x3  
  104  7:11  Widow Mine x2  
  107  7:16  Marine  
  107  7:17  Marine  
  107  7:20  Medivac  
  111  7:23  Barracks  
  111  7:25  Barracks Reactor  
  111  7:26  Marine x3  
  111  7:27  Terran Infantry Armor Level 1, Terran Infantry Weapons Level 1  
  111  7:28  Combat Shield  
  111  7:29  SCV  
  116  7:30  SCV  
  116  7:35  Refinery  
  116  7:36  Supply Depot  
  116  7:40  Supply Depot  
  116  7:41  SCV  
  116  7:42  SCV  
  118  8:00  Refinery  
  118  8:01  Refinery  
  113  8:20  Marine x4  
  113  8:21  Marine x2  
  113  8:22  Barracks Reactor  
  117  8:36  Marine  
  117  8:38  Marine x3, Medivac x2  
  129  8:45  Widow Mine x2  
  119  8:54  SCV  
  119  8:55  SCV  
  119  9:15  Medivac  
  119  9:16  Marine x3, Medivac  
  119  9:17  Marine x5  
  130  9:18  Marine  
  130  9:22  Widow Mine x2  
  136  9:35  Marine  
  136  9:36  Marine x4  
  141  9:46  Marine x4, SCV x3  
  141  9:50  Supply Depot  
  141  9:51  Supply Depot  
  141  9:52  Supply Depot  
  148  9:55  Supply Depot  
  148  9:59  Marine x5  
  152  10:01  Medivac x2  
  152  10:04  Marine x2  
  163  10:08  Widow Mine x2  
  163  10:11  Marine x2  
  165  10:17  Marine  
  166  10:22  Barracks  
  166  10:24  Barracks  
  166  10:25  Barracks  
  166  10:26  Barracks, SCV x2  
  166  10:27  SCV  
  169  10:35  Liberator x2  
  173  10:36  Widow Mine  
  173  10:37  Widow Mine  
  140  10:49  Marine x2  
  131  10:50  Marine x7  
  145  11:05  Widow Mine x2  
  145  11:10  Marine x8  
  153  11:11  Barracks Reactor  
  153  11:12  Barracks Reactor  
  153  11:13  Barracks Reactor  
  153  11:14  Barracks Reactor  
  153  11:15  Armory  
  153  11:58  Marine  
  153  11:59  Marine x14  
  153  12:00  Marine x2  
  174  12:09  Liberator x2  
  174  12:11  Widow Mine x2  
  174  12:16  Marine  
  174  12:17  Marine x4  
  174  12:18  Marine  
  174  12:19  Marine x11  
  181  12:29  SCV x3  
  190  12:34  Marine x4  
  190  12:35  Marine  
  197  12:39  Widow Mine  
  197  13:31  Marine x6  
  197  13:32  Marine x11  
  135  13:35  Liberator x2  
  129  13:49  Marine x13, Widow Mine x2  
  140  13:58  Marine  
  140  13:59  Marine x3  
  144  14:07  Marine x8  
  144  14:09  Barracks  
  152  14:12  Barracks x2  
  152  14:16  Marine  
  152  14:17  Marine x8  
  153  14:22  SCV  
  153  14:23  SCV  
  163  14:25  Marine x4  
  167  14:32  Orbital Command  
  167  14:48  Liberator x2  
  165  14:54  Refinery  
  165  14:59  Refinery  
  165  15:02  Marine  
  165  15:03  Marine x16  
  192  15:14  Widow Mine x2  
  192  15:20  Marine  
  192  15:21  Marine x4  
  196  15:25  Marine x3  
  197  16:12  Marine x3  
  197  16:13  Marine x3  
Show
View Real Time Build Order
Export as new Build Order

zidar Zerg - Winner!

Build Orders: Hatch First, Muta Ling Bane 

Get SALT Encoding   

  12  0:01  Drone  
  13  0:12  Overlord  
  13  0:17  Drone  
  14  0:31  Drone x2  
  16  0:51  Hatchery  
  16  0:53  Drone  
  16  0:58  Extractor  
  16  0:59  Drone  
  16  1:17  Spawning Pool  
  15  1:19  Drone  
  16  1:39  Drone x3  
  19  2:03  Queen x2  
  19  2:06  Metabolic Boost  
  23  2:10  Zergling x2  
  23  2:13  Zergling x2  
  25  2:17  Zergling x2  
  26  2:24  Overlord  
  26  2:47  Drone x6  
  32  3:13  Extractor, Drone x4  
  35  3:20  Pneumatized Carapace  
  35  3:36  Drone  
  35  3:40  Overlord  
  36  3:43  Overlord x2  
  36  3:45  Baneling Nest  
  35  4:03  Queen  
  35  4:04  Lair  
  37  4:22  Drone x3  
  37  4:23  Drone x4  
  44  4:26  Zergling x2  
  44  4:27  Zergling x10  
  50  4:31  Extractor  
  50  4:33  Extractor  
  48  4:39  Drone x4  
  48  4:45  Queen  
  54  5:06  Evolution Chamber  
  53  5:08  Spire  
  52  5:15  Queen, Evolution Chamber  
  52  5:16  Centrifical Hooks  
  52  5:19  Zergling x6  
  52  5:20  Zergling x8  
  60  5:38  Overlord x3  
  60  5:39  Overlord x2  
  60  5:43  Zerg Melee Weapons Level 1  
  60  5:45  Baneling x3  
  60  5:46  Baneling  
  60  5:47  Baneling  
  60  5:48  Baneling  
  57  6:10  Drone x6  
  63  6:15  Baneling x9  
  63  6:17  Zergling x2  
  64  6:23  Mutalisk  
  64  6:24  Mutalisk  
  68  6:36  Queen  
  70  6:44  Zerg Ground Armor Level 1  
  70  6:46  Infestation Pit  
  66  7:15  Drone x5  
  66  7:16  Drone  
  72  7:35  Zergling x14  
  79  7:37  Mutalisk x5  
  79  7:39  Hatchery  
  88  7:55  Overseer  
  88  8:23  Baneling x3  
  88  8:38  Hatchery  
  82  9:04  Zergling x2  
  82  9:05  Zergling x16  
  82  9:08  Hive  
  82  9:09  Zerg Ground Armor Level 2  
  91  9:11  Zerg Melee Weapons Level 2  
  91  9:38  Overlord x3  
  91  9:39  Overlord x2  
  91  10:01  Drone x13  
  104  10:19  Zergling x6  
  104  10:21  Baneling x10  
  91  10:52  Zergling x2  
  91  10:53  Zergling x30  
  107  11:12  Extractor  
  107  11:13  Extractor  
  107  11:16  Baneling x6  
  107  11:17  Baneling x6  
  105  11:21  Adrenal Glands  
  105  11:22  Ultralisk Cavern  
  104  11:32  Hatchery  
  103  11:50  Drone x10  
  113  12:06  Zergling x2  
  113  12:07  Zergling x16  
  113  12:36  Drone x4  
  117  12:45  Drone  
  117  12:46  Drone x3  
  121  12:54  Chitinous Plating  
  121  12:55  Zerg Ground Armor Level 3  
  121  13:00  Overlord x3  
  121  13:01  Overlord  
  121  13:02  Overlord  
  121  13:19  Baneling x4  
  119  13:20  Baneling x12  
  99  13:52  Ultralisk x4  
  99  13:53  Ultralisk x4  
  99  13:54  Zergling x14  
  142  14:07  Corruptor  
  143  14:43  Overseer  
  143  14:53  Corruptor x4  
  143  14:54  Corruptor  
  153  15:05  Hatchery  
  151  15:35  Zergling x16  
  159  15:38  Baneling  
  159  15:39  Baneling x10  
  159  15:40  Baneling x5  
Tags
 
Add a new tag
Caveats
  • Supply blocks, unpowered buildings, or Contaminate may cause inaccurate times.
  • Supply counts are checked every 10 seconds.